 Dungeon Crawl Stone Soup version 0.30-a0-694-g3340775977 (webtiles) character file.

Game seed: 12052986775573339480

429 Bnni the Vexing (level 7, -1/51 HPs)
             Began as a Formicid Hexslinger on Jan 20, 2023.
             Was a Follower of Okawaru.
             Killed from afar by an orc wizard (11 damage)
             ... with a magic dart
             ... on level 5 of the Dungeon.
             The game lasted 00:05:07 (3401 turns).

Bnni the Vexing (Formicid Hexslinger)               Turns: 3401, Time: 00:05:08

Health: -1/51      AC:  2    Str: 14    XL:     7   Next: 19%
Magic:  17/19      EV: 12    Int: 15    God:    Okawaru [*.....]
Gold:   271        SH:  5    Dex: 20    Spells: 6/10 levels left

rFire   . . .      SeeInvis +    a - +1 sling
rCold   . . .      Faith    .    f - +0 buckler
rNeg    . . .      Spirit   .    c - +0 robe
rPois   .          Reflect  .    (helmet unavailable)
rElec   .          Harm     .    (no cloak)
rCorr   .          Rampage  .    (no gloves)
Will    .....                    (no boots)
Stlth   ++                       (no amulet)
HPRegen 0.28/turn                w - ring of magical power
MPRegen 0.16/turn                s - +6 ring of dexterity

@: no status effects
A: permanent stasis, dig shafts and tunnels, antennae 3, four strong arms
a: Dig, Shaft Self, Renounce Religion, Heroism


You were on level 5 of the Dungeon.
You worshipped Okawaru.
Okawaru was aware of your devotion.
You visited 1 branch of the dungeon, and saw 5 of its levels.

You collected 271 gold pieces.

Inventory:

Hand Weapons
 a - a +1 sling (weapon)
Armour
 c - a +0 robe (worn)
 f - a +0 buckler (worn)
Jewellery
 s - a +6 ring of dexterity (right hand)
 w - a ring of magical power (left hand)
Wands
 j - a wand of iceblast (13)
 n - a wand of polymorph (10)
Scrolls
 b - a scroll of poison
 d - a scroll of fog {unknown}
 e - a scroll of teleportation {unknown}
 g - a scroll of silence {unknown}
 k - a scroll of immolation {unknown}
 p - a scroll of fear
 u - a scroll of amnesia {unknown}
Potions
 h - 2 potions of lignification
 i - a potion of heal wounds {unknown}
 l - 4 potions of brilliance
 m - 2 potions of flight
 q - a potion of invisibility {unknown}
 r - 2 potions of mutation
 t - a potion of ambrosia
 v - a potion of haste {unknown}
 x - 2 potions of curing {unknown}


   Skills:
 + Level 2.4 Fighting
 * Level 3.6 Ranged Weapons
 - Level 1.7 Dodging
 * Level 3.2 Shields
 + Level 2.3 Spellcasting
 * Level 5.3 Hexes
 * Level 2.9 Fire Magic


You had 6 spell levels left.
You knew the following spells:

 Your Spells              Type           Power      Damage    Failure   Level
a - Slow                  Hex            68%        N/A       3%          1
b - Inner Flame           Hex/Fire       14%        N/A       14%         3

Your spell library contained the following spells:

 Spells                   Type           Power      Damage    Failure   Level
 Portal Projectile        Hex/Tloc       18%        N/A       26%         3
 Cause Fear               Hex            8%         N/A       28%         4


Dungeon Overview and Level Annotations

Branches:
Dungeon (5/15)
 Temple: D:4-7

Altars:
Ashenzari
Cheibriados
Makhleb
Okawaru
The Shining One


Innate Abilities, Weirdness & Mutations

You cannot be hasted, slowed, berserked, paralysed or teleported.
You can dig through walls and to a lower floor.
You have a pair of large antennae on your head. (SInv)
Your four strong arms can wield two-handed weapons with a shield.


Message History

The puff of flame hits you.
* * * LOW HITPOINT WARNING * * *
You shoot a sling bullet. The sling bullet hits the orc wizard.
The orc wizard is heavily wounded.
The orc wizard casts a spell at you.
You easily resist.
Fire: a) +1 sling
Press: ? - help, Shift-Dir - straight line, f/p - orc wizard
Aim: an orc wizard, wielding a +0 dagger and wearing a +1 robe of positive energy (heavily wounded, slow, 56% to hit)
You shoot a sling bullet.
The sling bullet barely misses the orc wizard.
The orc wizard points at you and mumbles some strange words.
You are confused.
You shoot a sling bullet.
Unknown command.
You shoot a sling bullet.
Unknown command.
You shoot a sling bullet.
Unknown command.
You shoot a sling bullet. The orc wizard barely misses you.
You bump into the rock wall.
You bump into the rock wall.
The orc wizard hits you with a +0 dagger.
* * * LOW HITPOINT WARNING * * *
You miss the orc wizard.
The orc wizard is moderately wounded.
You feel less confused.
The orc wizard is no longer moving slowly.
The orc wizard completely misses you.
You shoot a sling bullet.
The sling bullet hits the orc wizard but does no damage.
The orc wizard is moderately wounded.
The orc wizard hits you with a +0 dagger.
* * * LOW HITPOINT WARNING * * *
You shoot a sling bullet.
The sling bullet closely misses the orc wizard.
The orc wizard hits you but does no damage.
The orc wizard casts a spell at you. The magic dart hits you!
You die...

###...).#####.#
#.#.#.# #.#
#....#.# ##.##
........####...###
##...........#|..#
##.###.####...#.#
#.# #.# ##.##.#
#.# .# #.##.#
#.##@# ##.##o#
#..##.# #.###.#
#.# #.#
...####.###.#
............#
#.#####.##### #.#


You could see an orc wizard.

Vanquished Creatures
  An ice beast (D:5)
  An ogre (D:5)
  A jelly (D:5)
  3 hounds
  An orc wizard (D:4)
  2 adders
  An ufetubus (D:5)
  2 dart slugs (D:2)
  12 orcs
  9 endoplasms
  4 giant cockroaches
  8 goblins
  2 hobgoblins
  7 kobolds
  A quokka (D:1)
  9 ball pythons
  3 bats
  A frilled lizard (D:3)
  7 rats
75 creatures vanquished.

Notes
Turn   | Place    | Note
-------+----------+-------------------------------------------
     0 | D:1      | Bnni the Formicid Hexslinger began the quest for the Orb.
     0 | D:1      | Reached XP level 1. HP: 15/15 MP: 2/2
    74 | D:1      | Reached XP level 2. HP: 21/21 MP: 3/3
   295 | D:1      | Reached skill level 1 in Fire Magic
   295 | D:1      | Reached XP level 3. HP: 26/26 MP: 5/5
   299 | D:1      | Learned a level 3 spell: Inner Flame
   307 | D:1      | Reached skill level 4 in Hexes
   483 | D:1      | You fall into a shaft and drop 1 floor!
   788 | D:1      | Found a faded altar of an unknown god.
   800 | D:1      | Reached XP level 4. HP: 31/32 MP: 6/6
  1171 | D:2      | Reached skill level 1 in Shields
  1220 | D:2      | Found a snail-covered altar of Cheibriados.
  1654 | D:3      | Found an iron altar of Okawaru.
  1665 | D:3      | Became a worshipper of Warmaster Okawaru
  1923 | D:3      | Found a burning altar of Makhleb.
  2026 | D:3      | Identified the +4 mace of Spores {freeze, *Noise rCorr
                  | Int+2 Stlth+}
  2180 | D:4      | Found a glowing golden altar of the Shining One.
  2325 | D:4      | Reached XP level 5. HP: 31/38 MP: 7/7
  2778 | D:5      | Entered Level 5 of the Dungeon
  2836 | D:5      | Noticed an ice beast
  2846 | D:5      | Killed an ice beast
  2846 | D:5      | Reached * piety under Okawaru
  2847 | D:5      | Reached skill level 5 in Hexes
  2847 | D:5      | Reached XP level 6. HP: 16/44 MP: 9/9
  3155 | D:5      | Found a broken altar of Ashenzari.
  3174 | D:5      | Noticed an ogre
  3212 | D:5      | Killed an ogre
  3213 | D:5      | Reached XP level 7. HP: 51/51 MP: 10/10
  3401 | D:5      | Killed from afar by an orc wizard

Illustrated notes

Levels and vault maps discovered:
D:1:      onia_arrival_mini_spirals, layout_basic,
          hellmonk_ecumenical_altar_run_dry, columned_hall_lemuel
D:2:      layout_basic, basic_altar
D:3:      layout_rooms, lemuel_tele_altar, okawaru_gym_becter
D:4:      layout_loops_ring, lemuel_coloured_pillars_altar,
          nicolae_kite_square_tiling_tiny
D:5:      black_bear_nest_1, layout_loops_ring, marbit_many_paths,
          kennysheep_mini

Skill      XL: |  1  2  3  4  5  6 |
---------------+-------------------+-----
Fire Magic     | 1 2 |  2.9
Hexes          | 4 5 |  5.3
Shields        | 1 2 3 |  3.2
Ranged Weapons | 3 |  3.6
Fighting       | 2 |  2.4
Spellcasting   | 2 |  2.3
Dodging        | |  1.7

Action                   |  1- 3 |  4- 6 |  7- 9 || total
-------------------------+-------+-------+-------++-------
Melee: Sling             |       |       |     1 ||     1
 Fire: Sling             |    90 |   116 |    42 ||   248
 Cast: Slow              |     2 |     5 |     6 ||    13
       Inner Flame       |       |     3 |       ||     3
  Use: Potion            |     1 |       |       ||     1
       Scroll            |       |     7 |       ||     7
Armor: Robe              |     9 |     6 |     2 ||    17
Dodge: Dodged            |    29 |    25 |    10 ||    64
Block: Buckler           |       |    12 |     5 ||    17

Table legend: (Time is in decaauts)
 A = Elapsed time spent in this place.
 B = Non-inter-level travel time spent in this place.
 C = Inter-level travel time spent in this place.
 D = Time resting spent in this place.
 E = Time spent auto-exploring this place.
 F = Levels seen in this place.
 G = Mean time per level.
                   A        B        C        D        E       F      G
               +--------+--------+--------+--------+--------+-----+--------+
         Total |   3470 |   3311 |    159 |    237 |   2445 |   5 |  694.0 |
       Dungeon |   3470 |   3311 |    159 |    237 |   2445 |   5 |  694.0 |
               +--------+--------+--------+--------+--------+-----+--------+

Top non-repeatable levels by time:
     D:1: 898 daAuts
     D:2: 764 daAuts
     D:5: 641 daAuts
     D:4: 640 daAuts
     D:3: 525 daAuts
